 Dungeon Crawl Stone Soup version 0.29.0-4-gdea44cf6ec (webtiles) character file.

Game seed: 15362938204045767804

192 qw the Chopper (level 5, -5/32 HPs)
             Began as a Gargoyle Fighter on Sept 9, 2022.
             Slain by Duvessa
             ... wielding a +0 short sword
              (8 damage)
             ... on level 4 of the Dungeon.
             The game lasted 00:01:18 (2924 turns).

qw the Chopper (Gargoyle Fighter)                   Turns: 2924, Time: 00:01:18

Health: -5/32      AC: 13    Str: 21    XL:     5   Next: 71%
Magic:  5/5        EV: 10    Int:  9    God:
Gold:   177        SH:  5    Dex: 15    Spells: 4/4 levels left

rFire   . . .      SeeInvis .   Y - +0 war axe
rCold   . . .      Faith    .   c - +0 buckler
rNeg    + . .      Spirit   .   j - +1 ring mail {Will+}
rPois   inf        Reflect  .   l - +2 helmet
rElec   +          Harm     .   (no cloak)
rCorr   .          Rampage  .   (no gloves)
Will    +....                   (no boots)
Stlth   +.........              (no amulet)
HPRegen 0.10/turn               i - +6 ring of dexterity
MPRegen 0.09/turn               (no ring)

@: no status effects
A: sickness immunity, AC +4, negative energy resistance 1, electricity
resistance, torment resistance 1, petrification resistance
a: no special abilities


You were on level 4 of the Dungeon.
You visited 1 branch of the dungeon, and saw 4 of its levels.

You collected 177 gold pieces.


Innate Abilities, Weirdness & Mutations

You are immune to sickness and miasma.
Your stone body is resilient. (AC +4)
You are immune to poison.
You resist negative energy. (rN+)
You are resistant to electric shocks. (rElec)
You are resistant to unholy torment.
You are immune to petrification.


   Skills:
 + Level 3.2 Fighting
 - Level 5.0 Axes
 - Level 3.2 Armour
 - Level 1.0 Dodging
 - Level 3.2 Shields


You had 4 spell levels left.
You didn't know any spells.
Your spell library was empty.

Inventory:

Hand Weapons
 e - a +0 whip
 Y - a +0 war axe (weapon)
Armour
 b - a +0 scale mail
 c - a +0 buckler (worn)
 j - a +1 ring mail of willpower (worn)
 l - a +2 helmet (worn)
Jewellery
 i - a +6 ring of dexterity (left hand)
Scrolls
 f - a scroll of identify
Potions
 d - 2 potions of might
 h - a potion of curing
 k - 2 potions of haste

Dungeon Overview and Level Annotations

Branches:
Dungeon (4/15)
 Temple: D:4-7

Altars:
Makhleb
Uskayaw
Xom
Zin

Annotations:
D:3 1 transporter, qw's ghost, amateur GrFi
D:4 Duvessa


Message History

You closely miss Dowan.
Dowan says, "Magic and the sword, together, will defeat you."
Dowan hits you but does no damage. Duvessa barely misses you.
You closely miss Duvessa.
Duvessa is moderately wounded.
You closely miss Dowan. Dowan closely misses you.
Duvessa hits you but does no damage. You block Dowan's attack.
Duvessa hits you but does no damage.
You completely miss Duvessa.
Duvessa is moderately wounded.
You hit Dowan. Dowan casts a spell at you. The puff of frost misses you.
Duvessa hits you but does no damage.
You hit Duvessa but do no damage.
Duvessa is moderately wounded.
You hit Dowan but do no damage.
Dowan hits you with a +1 dagger of venom.
Duvessa hits you but does no damage.
You closely miss Duvessa.
Duvessa is moderately wounded.
You hit Dowan.
Dowan smirks and points a slender finger.
Dowan hits you but does no damage. Duvessa hits you with a +0 short sword!
Dowan points at you and mumbles some strange words.
You resist with almost no effort. You block Duvessa's attack.
You slash Duvessa!
Duvessa is heavily wounded.
You slash Dowan!
Dowan points at Duvessa and mumbles some strange words.
Duvessa seems to speed up.
Duvessa hits you with a +0 short sword.
You slash Dowan!
You kill Dowan!
Duvessa screams in rage.
Duvessa goes berserk!
You hit Duvessa. Duvessa hits you with a +0 short sword.
You block Duvessa's attack.
Your Axes skill increases to level 5!
You closely miss Duvessa.
Duvessa is heavily wounded.
Duvessa hits you with a +0 short sword! x2
You die...

###### #....# #....#
..... #....######..
..... #............
....!. #.@e.###..###
...... ###)#<.......
......####.###...###
.....e............#
...........###.##.#
..?..$.e...# ..
..............# #
######.....####
#####.#


You could see Duvessa (berserk, fast).

Vanquished Creatures
  Dowan (D:4)
  A crimson imp (D:3)
  Jessica (D:3)
  2 adders (D:3)
  A worm (D:3)
  A dart slug (D:3)
  An orc (D:3)
  6 ball pythons
  6 endoplasms
  5 giant cockroaches
  3 goblins
  2 hobgoblins
  2 jackals (D:1)
  6 quokkas
  7 bats
  5 frilled lizards
  6 kobolds
  3 rats
59 creatures vanquished.

Vanquished Creatures (others)
  An adder (D:2)
  A fungus (D:1)
2 creatures vanquished.

Grand Total: 61 creatures vanquished

Notes
Turn   | Place    | Note
-------+----------+-------------------------------------------
     0 | D:1      | qw the Gargoyle Fighter began the quest for the Orb.
     0 | D:1      | Reached XP level 1. HP: 14/14 MP: 1/1
     0 | D:1      | 0 ||| qw: Version: 0.1-a-113-g051387a
     0 | D:1      | 0 ||| qw: Game counter: 7196
     0 | D:1      | 0 ||| qw: Always use a shield: true
     0 | D:1      | 0 ||| qw: God list: Okawaru
     0 | D:1      | 0 ||| qw: Allow faded altars: false
     0 | D:1      | 0 ||| qw: Do Orc after D:15 true
     0 | D:1      | 0 ||| qw: Do second Lair branch before Depths: true
     0 | D:1      | 0 ||| qw: Lair rune preference: random
     0 | D:1      | 0 ||| qw: Plans: Normal, Zot, God:TSO, Crypt, Tomb, Zig,
                  | Orb
     0 | D:1      | 0 ||| PLANNING D:1-11
    88 | D:1      | Reached skill level 2 in Axes
   204 | D:1      | Reached XP level 2. HP: 19/19 MP: 2/2
   424 | D:1      | Found a faded altar of an unknown god.
   588 | D:1      | Reached skill level 3 in Axes
   706 | D:1      | Reached XP level 3. HP: 23/23 MP: 3/3
   813 | D:1      | 813 ||| UPGRADING to +2 helmet.
   818 | D:1      | 818 ||| UPGRADING to +6 ring of dexterity.
   819 | D:1      | 819 ||| READING scroll labelled HIPPOA FIPHIU.
   820 | D:1      | 820 ||| READING scroll labelled SIFOFE VIERIM.
   821 | D:1      | 821 ||| READING scroll labelled MEFRA HICENKES.
   822 | D:1      | 822 ||| READING scroll labelled PES UHIFRUYDOUTIN.
   876 | D:1      | 876 ||| DRINKING 2 lumpy cyan potions.
   908 | D:2      | 908 ||| STAIRDANCE
  1160 | D:2      | Reached skill level 1 in Dodging
  1517 | D:2      | 1517 ||| READING scroll labelled MIXTEUM FUTTU.
  1520 | D:2      | 1520 ||| DRINKING 3 purple potions.
  1525 | D:3      | 1525 ||| Stepping ~*~*~tactically~*~*~ (hiding).
  1528 | D:3      | 1528 ||| Stepping ~*~*~tactically~*~*~ (hiding).
  1631 | D:3      | 1631 ||| Stepping ~*~*~tactically~*~*~ (stealth).
  1632 | D:3      | 1632 ||| Stepping ~*~*~tactically~*~*~ (stealth).
  1643 | D:3      | 1643 ||| Stepping ~*~*~tactically~*~*~ (stealth).
  1839 | D:3      | Found a hide-covered altar of Uskayaw.
  1856 | D:3      | Reached XP level 4. HP: 27/28 MP: 4/4
  2031 | D:3      | Found a glowing silver altar of Zin.
  2031 | D:3      | Noticed an angel
  2052 | D:3      | Found a burning altar of Makhleb.
  2052 | D:3      | Found a shimmering altar of Xom.
  2068 | D:3      | Reached skill level 4 in Axes
  2256 | D:3      | Noticed Jessica
  2266 | D:3      | Killed Jessica
  2267 | D:3      | Reached XP level 5. HP: 16/32 MP: 5/5
  2500 | D:3      | 2500 ||| Stepping ~*~*~tactically~*~*~ (hiding).
  2503 | D:3      | 2503 ||| Stepping ~*~*~tactically~*~*~ (hiding).
  2609 | D:3      | Found a transporter.
  2610 | D:3      | Noticed qw's ghost (amateur GrFi)
  2611 | D:3      | Noticed an ogre
  2612 | D:3      | Noticed an ogre
  2615 | D:3      | Noticed an ogre
  2856 | D:3      | 2856 ||| UPGRADING to +1 ring mail of willpower.
  2866 | D:3      | 2866 ||| READING scroll labelled VEWNOYB UJIN.
  2867 | D:3      | 2867 ||| READING 2 scrolls of identify.
  2867 | D:3      | 2867 ||| IDENTIFYING smoky grey potion
  2868 | D:3      | 2868 ||| DROPPING potion of magic.
  2899 | D:4      | Noticed Duvessa
  2901 | D:4      | Noticed Dowan
  2902 | D:4      | 2902 ||| Stepping ~*~*~tactically~*~*~ (stealth).
  2904 | D:4      | 2904 ||| Stepping ~*~*~tactically~*~*~ (hiding).
  2905 | D:4      | 2905 ||| Stepping ~*~*~tactically~*~*~ (hiding).
  2906 | D:4      | 2906 ||| Stepping ~*~*~tactically~*~*~ (hiding).
  2907 | D:4      | 2907 ||| Stepping ~*~*~tactically~*~*~ (hiding).
  2908 | D:4      | 2908 ||| Stepping ~*~*~tactically~*~*~ (hiding).
  2910 | D:4      | 2910 ||| Stepping ~*~*~tactically~*~*~ (hiding).
  2923 | D:4      | Killed Dowan
  2924 | D:4      | Reached skill level 5 in Axes
  2924 | D:4      | HP: 3/32 [Duvessa/+0 short sword (8)]
  2924 | D:4      | Slain by Duvessa

Levels and vault maps discovered:
D:1:      psy_arrival_statuary, layout_rooms,
          shapermc_ecumenical_altar_acropolis
D:2:      layout_rooms, lemuel_flame_loot_1
D:3:      layout_loops_ring, grunt_temple_overflow_champion_of_chaos,
          eat_drink_and_be_merry_uskayaw, zin_angel, gammafunk_ghost_smash,
          chequers_serial_rivers_small_3, guppyfry_early_lair_pool, uniq_jessica
D:4:      layout_basic, ebering_ghost_gozag, hangedman_minor_gate_pass,
          uniq_duvessa

Skill      XL: |  1  2  3  4  5 |
---------------+----------------+-----
Axes           | 2 3 4 5 |  5.0
Dodging        | 1 |  1.0
Fighting       | |  3.2
Armour         | |  3.2
Shields        | |  3.2

Action                   |  1- 3 |  4- 6 || total
-------------------------+-------+-------++-------
Melee: War axe           |   146 |    55 ||   201
  Use: Scroll            |     5 |     2 ||     7
       Potion            |     2 |       ||     2
Armor: Scale mail        |    76 |    21 ||    97
       Ring mail         |       |    13 ||    13
Dodge: Dodged            |    71 |    14 ||    85
Block: Buckler           |    36 |     9 ||    45

Table legend:
 A = Non-vault XP
 B = Vault XP
 C = Vault XP percentage of total XP
 D = Non-vault monster count
 E = Vault monster count
 F = Vault count percentage of total count
                 A         B        C        D         E       F
            +---------+---------+-------+---------+---------+-------
      Total |     122 |     153 |  55.6 |      56 |       3 |   5.1
            +---------+---------+-------+---------+---------+-------
        D:1 |      36 |       0 |   0.0 |      22 |       0 |   0.0
        D:2 |      30 |       0 |   0.0 |      18 |       0 |   0.0
        D:3 |      56 |      87 |  60.8 |      16 |       2 |  11.1
        D:4 |       0 |      66 | 100.0 |       0 |       1 | 100.0
            +---------+---------+-------+---------+---------+-------
